 Dungeon Crawl Stone Soup version 0.27.1-33-g824d729ab1 (webtiles) character file.

Game seed: 12489540509458685806

13027 raph the Severer (level 11, -9/96 HPs)
             Began as a Deep Dwarf Fighter on Nov 25, 2021.
             Was a Believer of Makhleb.
             Mangled by a minotaur (33 damage)
             ... in a Gauntlet.
             The game lasted 00:29:51 (12198 turns).

raph the Severer (Deep Dwarf Fighter)              Turns: 12198, Time: 00:29:52

Health: -9/96      AC: 21    Str: 20    XL:     11   Next: 70%
Magic:  11/11      EV:  8    Int:  9    God:    Makhleb [**....]
Gold:   261        SH:  0    Dex: 15    Spells: 10/10 levels left

rFire    + . .     SeeInvis .   a - +2 war axe (elec)
rCold    . . .     Faith    .   (no shield)
rNeg     . . .     Spirit   .   r - +3 plate armour
rPois    .         Reflect  .   v - +0 helmet
rElec    .         Harm     .   f - +2 cloak
rCorr    .         Rampage  .   (no gloves)
Will     ++...     NoTele   +   p - +0 pair of boots
Stlth    ..........             B - amulet "Empeuq" {+Inv Regen+}
HPRegen  0.00/turn              y - ring of willpower
MPRegen  0.12/turn              x - ring of protection from fire

@: glowing
A: damage resistance, heal wounds, sense surroundings 2, no regeneration
a: Heal Wounds, Renounce Religion, Evoke Invisibility, Minor Destruction


You were in a Gauntlet.
You worshipped Makhleb.
Makhleb was pleased with you.
You visited 3 branches of the dungeon, and saw 12 of its levels.
You also visited: Gauntlet.

You collected 753 gold pieces.
You spent 492 gold pieces at shops.

Inventory:

Hand Weapons
 a - a +2 war axe of electrocution (weapon)
 b - a +5 hunting sling of freezing
 e - a +2 flail of venom
 F - a +0 hunting sling
 J - a +0 morningstar
 L - a +0 war axe of pain
Missiles
 q - 220 stones
 G - a throwing net
Armour
 c - a +0 kite shield
 d - a +0 tower shield
 f - a +2 cloak (worn)
 j - a +0 chain mail
 m - a +0 scale mail
 p - a +0 pair of boots (worn)
 r - a +3 plate armour (worn)
 t - a +0 buckler
 u - a +0 robe
 v - a +0 helmet (worn)
 Q - a +1 cloak of preservation
Jewellery
 o - a ring of wizardry
 x - a ring of protection from fire (right hand)
 y - a ring of willpower (left hand)
 B - the amulet "Empeuq" (around neck) {+Inv Regen+}
   (You found it on level 6 of the Dungeon)

   [amulet of regeneration]

   +Inv:      It lets you turn invisible.
   Regen:     It increases your rate of health regeneration.
 O - the amulet "Leuneinud" {Contam Regen+ Dex+4 Stlth+}
   (You found it in a Gauntlet)

   [amulet of regeneration]

   Dex:       It affects your dexterity (+4).
   Contam:    It causes magical contamination when unequipped.
   Regen:     It increases your rate of health regeneration.
   Stlth:     It makes you more stealthy.
Wands
 g - a wand of flame (30)
 k - a wand of acid (4)
 s - a wand of digging (10)
 w - a wand of iceblast (7)
 H - a wand of polymorph (11)
Scrolls
 z - 3 scrolls of magic mapping
 A - 2 scrolls of amnesia
 C - 2 scrolls of enchant weapon
 D - a scroll of holy word
 I - a scroll of teleportation
 K - 2 scrolls of fear
 P - a scroll of identify
Potions
 h - 3 potions of curing
 i - a potion of lignification
 l - a potion of brilliance
 n - a potion of mutation
 E - a potion of flight {unknown}
 M - a potion of berserk rage {unknown}
 N - a potion of magic {unknown}


   Skills:
 + Level 5.2 Fighting
 - Level 16.0 Axes
 + Level 6.3 Armour
 + Level 5.1 Dodging
 - Level 3.2 Shields
 * Level 9.0 Invocations


You had 10 spell levels left.
You didn't know any spells.
Your spell library contained the following spells:

 Spells                   Type           Power      Damage    Failure   Level
 Freeze                   Ice            0%         1d3       100%        1
 Magic Dart               Conj           0%         1d3       100%        1
 Call Imp                 Summ           0%         N/A       100%        2
 Passwall                 Tmut/Erth      0%         N/A       100%        2
 Frozen Ramparts          Ice            0%         1d2       100%        3
 Mephitic Cloud           Conj/Pois/Air  0%         N/A       100%        3
 Portal Projectile        Hex/Tloc       0%         N/A       100%        3
 Stone Arrow              Conj/Erth      0%         3d7       100%        3
 Swiftness                Air            0%         N/A       100%        3
 Animate Armour           Summ/Erth      0%         N/A       100%        4
 Fulminant Prism          Conj/Hex       0%         3d6       100%        4
 Hailstorm                Conj/Ice       0%         3d3       100%        4
 Iskenderun's Mystic Bla  Conj/Tloc      0%         2d3       100%        4
 Blade Hands              Tmut           0%         N/A       100%        5
 Excruciating Wounds      Necr           0%         N/A       100%        5
 Lee's Rapid Deconstruct  Erth           0%         3d5*      100%        5
 Invisibility             Hex            0%         N/A       100%        6
 Lehudib's Crystal Spear  Conj/Erth      0%         10d2      100%        8


Dungeon Overview and Level Annotations

Branches:
Dungeon (10/15)            Temple (1/1) D:7            Lair (1/6) D:8
    Orc (0/2) D:9         Gauntlet (1/1)

Altars:
Ashenzari
Cheibriados
Elyvilon
Fedhas
Gozag
Hepliaklqana
Kikubaaqudgha
Makhleb
Nemelex Xobeh
Okawaru
Qazlal
Ru
Sif Muna
Trog
Uskayaw
Vehumet
Wu Jian
Xom
Yredelemnul
Zin
The Shining One

Shops:
D:6 *

Annotations:
Gauntlet 4 transporters


Innate Abilities, Weirdness & Mutations

You are resistant to damage.
You can heal yourself by infusing magical energy.
You passively map the area around you.
You do not regenerate.


Message History

Found a runed great sword.
Found a gate leading back out of this place.
Aiming: Iceblast
Press: ? - help, Shift-Dir - straight line, f - minotaur
Aim: a minotaur, wielding the +10 morningstar "Eos" {elec, Halo rElec}, wearing the +2 crystal plate armour "Jehos" {Str-4 Int+5 Dex+2}, wearing an amulet of faith and quivering javelins (haloed)
The mass of ice explodes!
The iceblast engulfs the minotaur but does no damage.
Aiming: Corrosive Bolt
Press: ? - help, Shift-Dir - straight line, f/p - minotaur
Aim: a minotaur, wielding the +10 morningstar "Eos" {elec, Halo rElec}, wearing the +2 crystal plate armour "Jehos" {Str-4 Int+5 Dex+2}, wearing an amulet of faith and quivering javelins (haloed, 91% to hit)
The bolt of acid hits the minotaur but does no damage.
The minotaur throws a javelin.
The javelin pierces through you but does no damage.
Aiming: Corrosive Bolt
Press: ? - help, Shift-Dir - straight line, f/p - minotaur
Aim: a minotaur, wielding the +10 morningstar "Eos" {elec, Halo rElec}, wearing the +2 crystal plate armour "Jehos" {Str-4 Int+5 Dex+2}, wearing an amulet of faith and quivering javelins (haloed, 91% to hit)
The bolt of acid hits the minotaur but does no damage.
Press: ? - help, Shift-Dir - straight line, f/p - minotaur
Aim: a minotaur, wielding the +10 morningstar "Eos" {elec, Halo rElec}, wearing the +2 crystal plate armour "Jehos" {Str-4 Int+5 Dex+2}, wearing an amulet of faith and quivering javelins (haloed)
The zap hits the minotaur but does no damage.
The minotaur hits you with the +10 morningstar "Eos" {elec, Halo rElec}!!
* * * LOW HITPOINT WARNING * * *
You are electrocuted!
* * * LOW HITPOINT WARNING * * *
The minotaur gores you but does no damage.
Your magical essence is drained by the effort!
You feel much better.
The minotaur hits you but does no damage.
You are electrocuted!
* * * LOW HITPOINT WARNING * * *
The minotaur gores you.
* * * LOW HITPOINT WARNING * * *
You feel much better.
The minotaur hits you with the +10 morningstar "Eos" {elec, Halo rElec}.
You are electrocuted!!
* * * LOW HITPOINT WARNING * * *
The minotaur gores you but does no damage.
You hit the minotaur but do no damage.
The minotaur hits you with the +10 morningstar "Eos" {elec, Halo rElec}!!
You die...

*##### ≈≈≈ ≈∩≈ * ...
##.## ... #######H#######
#......@......#
#.###.###.###.#
#.###.###.###.#
#.............#
###.###.###.##
#####.###.###.#####
#§...............≈# ###
####8.8.8..©.©..8.8.8####
#8#
#8##≈...............≈##8#


You could see a minotaur.

Vanquished Creatures
  A hydra (Lair:1)
  2 two-headed ogres
  A tengu warrior (Gauntlet)
  Pikel (D:6)
  3 cane toads (Lair:1)
  A smoke demon (Gauntlet)
  An ice devil (Gauntlet)
  A komodo dragon (Lair:1)
  A tengu conjurer (Gauntlet)
  A red devil (Gauntlet)
  4 blink frogs (Lair:1)
  Sigmund (D:4)
  A centaur simulacrum (Gauntlet)
  A wraith (D:9)
  3 yaks (D:9)
  2 basilisks (Lair:1)
  Eustachio (D:4)
  A steam dragon (D:6)
  Menkaure (D:7)
  Edmund (D:6)
  A warg (D:9)
  2 acid dragons
  7 water moccasins
  Duvessa (D:4)
  A black bear (D:4)
  9 orc warriors
  2 ice beasts (D:8)
  A meliai simulacrum (Gauntlet)
  2 necrophages
  3 ogres
  A wolf (Lair:1)
  2 lemures
  3 kobold brigands
  9 bullfrogs
  2 gnoll sergeants
  5 scorpions
  A wyvern skeleton (D:6)
  Dowan (D:4)
  3 killer bees
  5 wights (D:7)
  4 crimson imps (Gauntlet)
  4 centaur zombies
  A wyvern simulacrum (Gauntlet)
  2 hounds
  A jelly (D:6)
  4 orc priests
  Crazy Yiuf (D:3)
  4 iguanas
  8 orc wizards
  A hound skeleton (D:2)
  12 gnolls
  2 adders
  4 white imps
  An adder skeleton (D:4)
  3 worms
  3 dart slugs
  25 orcs
  6 bats
  2 endoplasms
  A giant cockroach (D:1)
  6 hobgoblins
  3 jackals (D:5)
  4 quokkas
  8 ball pythons
  4 frilled lizards (D:2)
  5 goblins
  9 kobolds
  2 rats (D:1)
220 creatures vanquished.

Vanquished Creatures (others)
  An orc wizard (D:9)
  A gnoll (D:8)
  A fungus (Lair:1)
  A plant (Lair:1)
  14 withered plants (Gauntlet)
18 creatures vanquished.

Grand Total: 238 creatures vanquished

Notes
Turn   | Place    | Note
-------+----------+-------------------------------------------
     0 | D:1      | raph the Deep Dwarf Fighter began the quest for the Orb.
     0 | D:1      | Reached XP level 1. HP: 20/20 MP: 1/1
   395 | D:1      | You fall into a shaft and drop 1 floor!
   405 | D:2      | Reached skill level 3 in Axes
   405 | D:2      | Reached XP level 2. HP: 27/27 MP: 2/2
   553 | D:1      | Reached XP level 3. HP: 30/33 MP: 3/3
   794 | D:1      | You fall into a shaft and drop 1 floor!
   813 | D:2      | Reached skill level 4 in Axes
  1122 | D:2      | Found a faded altar of an unknown god.
  1978 | D:3      | Found a runed translucent door.
  1979 | D:3      | Noticed Crazy Yiuf
  1995 | D:3      | Killed Crazy Yiuf
  1996 | D:3      | Reached skill level 5 in Axes
  1996 | D:3      | Reached XP level 4. HP: 33/40 MP: 0/3
  2791 | D:4      | Noticed Sigmund
  2818 | D:4      | HP: 1/40 [Sigmund (5)]
  2820 | D:4      | Noticed a scorpion
  2835 | D:4      | Killed a scorpion
  2836 | D:4      | Reached skill level 6 in Axes
  2836 | D:4      | Reached XP level 5. HP: 40/46 MP: 4/4
  2848 | D:4      | Killed Sigmund
  2849 | D:4      | Reached skill level 7 in Axes
  2849 | D:4      | Reached XP level 6. HP: 47/55 MP: 5/5
  3129 | D:4      | Reached skill level 8 in Axes
  3307 | D:4      | Noticed Eustachio
  3329 | D:4      | Noticed Dowan
  3331 | D:4      | Noticed Duvessa
  3526 | D:4      | Found an opulent altar of Gozag.
  3552 | D:4      | Found a sacrificial altar of Ru.
  3590 | D:5      | Entered Level 5 of the Dungeon
  3592 | D:5      | Reached XP level 7. HP: 22/61 MP: 5/5
  3991 | D:5      | Reached skill level 9 in Axes
  4355 | D:6      | Found Rept's General Store.
  4358 | D:6      | Bought a potion of haste for 110 gold pieces
  4358 | D:6      | Bought a +0 robe for 7 gold pieces
  4358 | D:6      | Bought a +0 helmet for 49 gold pieces
  4541 | D:6      | Found an iron altar of Okawaru.
  4553 | D:6      | Noticed Edmund
  4606 | D:6      | Killed Edmund
  4607 | D:6      | Reached skill level 10 in Axes
  4847 | D:6      | Reached XP level 8. HP: 15/68 MP: 6/6
  4951 | D:4      | Killed Dowan
  5126 | D:4      | Killed Duvessa
  5151 | D:4      | Reached skill level 11 in Axes
  5937 | D:6      | Reached skill level 12 in Axes
  6015 | D:6      | Noticed Pikel
  6193 | D:7      | Noticed Menkaure
  6198 | D:7      | Killed Menkaure
  6292 | D:7      | Gained mutation: You passively map the area around you.
                  | [Deep Dwarf growth]
  6292 | D:7      | Reached XP level 9. HP: 32/74 MP: 7/7
  6384 | D:7      | Found a staircase to the Ecumenical Temple.
  6402 | Temple   | Entered the Ecumenical Temple
  6496 | Temple   | Became a worshipper of Makhleb the Destroyer
  7141 | D:7      | Reached skill level 13 in Axes
  7434 | D:7      | Found a white marble altar of Elyvilon.
  7621 | D:8      | Found a staircase to the Lair.
  8146 | D:4      | Killed Eustachio
  8282 | D:6      | Killed Pikel
  8283 | D:6      | Reached skill level 14 in Axes
  8405 | D:6      | Identified the amulet "Empeuq" {+Inv Regen+}
  9180 | D:8      | Reached skill level 15 in Axes
  9180 | D:8      | Reached XP level 10. HP: 31/81 MP: 6/6
  9181 | D:8      | Reached * piety under Makhleb
  9505 | D:8      | Found an ornate altar of the Wu Jian Council.
  9985 | D:6      | Bought a +5 hunting sling of freezing for 326 gold pieces
 10576 | D:9      | Found a staircase to the Orcish Mines.
 10579 | D:9      | Noticed a two-headed ogre
 10594 | D:9      | Killed a two-headed ogre
 10595 | D:9      | Reached skill level 16 in Axes
 10595 | D:9      | Reached skill level 1 in Dodging
 10630 | D:9      | Reached ** piety under Makhleb
 10822 | D:10     | Entered Level 10 of the Dungeon
 10822 | D:10     | Noticed a two-headed ogre
 10834 | D:10     | Killed a two-headed ogre
 10835 | D:10     | Reached skill level 5 in Invocations
 10890 | D:10     | Identified the +3 leather armour of Weak Intercession
                  | {rCorr Dex+4}
 10922 | D:10     | Noticed a two-headed ogre
 10980 | Lair:1   | Entered Level 1 of the Lair of Beasts
 10998 | Lair:1   | Noticed a cane toad
 11004 | Lair:1   | Killed a cane toad
 11018 | Lair:1   | Noticed a cane toad
 11022 | Lair:1   | Killed a cane toad
 11023 | Lair:1   | Reached XP level 11. HP: 49/91 MP: 11/11
 11074 | Lair:1   | Reached skill level 5 in Armour
 11138 | Lair:1   | Noticed a four-headed hydra
 11356 | Lair:1   | Killed a four-headed hydra
 11497 | Lair:1   | Found a gate leading to a gauntlet.
 11509 | Gauntlet | Entered a Gauntlet
 11509 | Gauntlet | Noticed a sixfirhy
 11509 | Gauntlet | Noticed a sixfirhy
 11509 | Gauntlet | Found a transporter.
 11509 | Gauntlet | Found a transporter.
 11509 | Gauntlet | Found a transporter.
 11509 | Gauntlet | Found a transporter.
 11512 | Gauntlet | Noticed a sixfirhy
 11514 | Gauntlet | Found a transporter.
 11519 | Gauntlet | Noticed a sixfirhy
 11521 | Gauntlet | Noticed a sixfirhy
 11521 | Gauntlet | Noticed a sixfirhy
 11523 | Gauntlet | Found a transporter.
 11523 | Gauntlet | Noticed a sixfirhy
 11589 | Gauntlet | Found a transporter.
 11601 | Gauntlet | Found a transporter.
 11615 | Gauntlet | Found a transporter.
 11617 | Gauntlet | Noticed a tengu warrior
 11625 | Gauntlet | Found a transporter.
 11640 | Gauntlet | Found a transporter.
 11646 | Gauntlet | Found a transporter.
 11890 | Gauntlet | Reached skill level 5 in Fighting
 12121 | Gauntlet | Identified the amulet "Leuneinud" {Contam Regen+ Dex+4
                  | Stlth+}
 12132 | Gauntlet | Killed a tengu warrior
 12133 | Gauntlet | Reached skill level 5 in Dodging
 12191 | Gauntlet | Identified the +2 crystal plate armour "Jehos" {Str-4 Int+5
                  | Dex+2}
 12191 | Gauntlet | Noticed a minotaur
 12198 | Gauntlet | Mangled by a minotaur

Illustrated notes

Levels and vault maps discovered:
D:1:      kennysheep_arrival_seaside, layout_loops_cross, serial_park_tiny_pond
D:2:      layout_rooms, ebering_ecumenical_altar_sacrificial, minivault_23,
          st_stairs_14, lemuel_another_geyser
D:3:      layout_loops_ring, hangedman_decor_clover_reticule,
          uniq_crazy_yiuf_cottage
D:4:      layout_rooms, mainiacjoe_overflow_six_doors_small, kennysheep_mini,
          minmay_misc_feat_columns, uniq_eustachio, uniq_duvessa, uniq_sigmund
D:5:      layout_cave_pools, chequers_decorated_corner
D:6:      layout_layer_cave, mainiacjoe_overflow_small_starburst, serial_shops,
          nicolae_shop_behind_doors, minmay_misc_feat_doors,
          kennysheep_generic_room_3, uniq_edmund, uniq_pikel
D:7:      layout_loops_ring, nicolae_elyvilon_temple_path,
          nicolae_overflow_hidden_temple, minmay_temple_entry_stoned_glass,
          minmay_misc_feat_cross, skrybe_limestone_x,
          chequers_serial_rivers_micro_b, uniq_menkaure
D:8:      layout_basic, amcnicky_altar_gilded, lair_entry_dummy
D:9:      layout_rooms, david_orc_1_choice
D:10:     layout_gridville, enter_bailey_5, glass_columns_b, minivault_19,
          nrook_campfire
Temple:   compressed_dpeg_circular_temple
Lair:1:   layout_regular_city, gauntlet_entry_generic, beast_lair_carwin_6
Gauntlet: gammafunk_gauntlet_shortcut [gammafunk_gauntlet_arena_spirals,
          nicolae_gauntlet_arena_flowing_pool, nicolae_gauntlet_arena_grate_2,
          nicolae_gauntlet_arena_blocks, gammafunk_gauntlet_arena_grid,
          gammafunk_gauntlet_arena_arrow_garden, gauntlet_exit_watery]

Skill      XL: |  1  2  3  4  5  6  7  8  9 10 11 |
---------------+----------------------------------+-----
Axes           | 3 5 6 7 8 10 12 15 16 | 16.0
Fighting       | 3 5 |  5.2
Dodging        | 3 5 |  5.1
Invocations    | 5 9 |  9.0
Armour         | 4 6 |  6.3
Shields        | |  3.2

Action                   |  1- 3 |  4- 6 |  7- 9 | 10-12 || total
-------------------------+-------+-------+-------+-------++-------
Melee: War axe           |   123 |   108 |   246 |   248 ||   725
 Fire: Hunting sling     |       |       |    65 |    58 ||   123
Invok: Minor Destruction |       |       |       |     1 ||     1
 Abil: Heal Wounds       |     2 |     4 |     9 |    13 ||    28
Evoke: Wand              |       |     2 |     4 |     9 ||    15
  Use: Scroll            |     4 |     3 |     9 |     5 ||    21
       Potion            |       |     2 |     6 |     4 ||    12
 Stab: Invisible         |       |       |     6 |       ||     6
Armor: Scale mail        |    59 |     5 |       |       ||    64
       Chain mail        |       |    39 |    27 |       ||    66
       Plate armour      |       |       |   137 |   183 ||   320
Dodge: Dodged            |    40 |    28 |    82 |    91 ||   241
Block: Kite shield       |    60 |    55 |    13 |       ||   128
